AoeStats
← Unknown

Socotra

506304550Analyzed
4v4 RM · 20d ago on Sep 13, 2026· 29m 37s· 8 players
Game mode
Random Map
Map size
148×148
Population
200
Speed
Normal
Resources
Standard
Victory
Conquest
Starting age
Dark Age
Ending age
Imperial Age
RankedLock teamsTeams togetherTeam positionsShared explorationLock speedFull tech treeHidden civsTurbo modeCheats
Victory
Defeat
🇦🇺 Malians · Australia
1258
+13
🇺🇸 Magyars · United States
1218
+14
🇺🇸 Malay · United States
1209
+15
🇺🇸 Koreans · United States
1176
+16
🇺🇾 Persians · Uruguay
1464
-25
🇵🇪 Huns · Peru
1159
-14
🇺🇾 Britons · Uruguay
1092
-11
🇺🇾 Sicilians · Uruguay
1016
-8
Aphelink
2:50 Loom
11:21 Feudal Age
15:00 Double-Bit Axe
19:08 Fletching
20:47 Padded Archer Armor
20:56 Horse Collar
21:39 Town Watch
27:10 Castle Age
27:44 Crossbowman
29:03 Bodkin Arrow
Unknown
10:59 Feudal Age
15:58 Castle Age
15:51 Loom
24:40 Double-Bit Axe
28:25 Scale Barding Armor
28:30 Forging
29:14 Wheelbarrow
29:04 Bow Saw
[LdS]Nestoter
8:06 Feudal Age
6:22 Loom
8:48 Double-Bit Axe
13:22 Horse Collar
16:56 Wheelbarrow
20:48 Town Watch
23:35 Castle Age
22:34 Gold Mining
23:39 Fletching
24:21 Heavy Plow
24:33 Bow Saw
25:15 Hand Cart
25:20 Bodkin Arrow
27:07 Thumb Ring
27:28 Parthian Tactics
27:05 Padded Archer Armor
28:39 Leather Archer Armor
LaPolitziaaa
4:23 Loom
9:25 Feudal Age
24:40 Double-Bit Axe
26:40 Horse Collar
28:20 Stone Mining
28:27 Fletching
RoadToEndTheGame
9:28 Feudal Age
10:02 Man-at-Arms
12:45 Arson
13:27 Horse Collar
16:31 Loom
22:32 Castle Age
21:21 Stone Mining
21:55 Double-Bit Axe
22:12 Heavy Plow
22:51 Bow Saw
24:48 Gold Mining
25:19 Forging
26:07 Gold Shaft Mining
25:56 Squires
27:26 Iron Casting
28:38 Wheelbarrow
Bilbo's Last Clean Doily
7:00 Loom
9:37 Feudal Age
15:21 Gold Mining
15:45 Fletching
24:11 Castle Age
22:57 Stone Mining
23:07 Double-Bit Axe
24:13 Crossbowman
24:49 Bodkin Arrow
27:23 Thumb Ring
Piyochon
10:33 Feudal Age
9:39 Loom
12:36 Double-Bit Axe
17:13 Bloodlines
24:15 Castle Age
29:19 Thumb Ring
29:07 Fletching
29:18 Padded Archer Armor
citrusspecialist
1:26 Loom
10:33 Feudal Age
10:53 Man-at-Arms
12:45 Man-at-Arms
23:10 Castle Age
22:27 Forging
24:32 Double-Bit Axe
24:59 Husbandry
Connection lost

Rejoining the realm…

Still unreachable

The connection could not be restored.

Session expired

The server has moved on; the page needs a fresh start.